 Dungeon Crawl Stone Soup version 0.27-a0-1502-g47ed6a6988 (console) character file.

Game seed: 1036578335155662879

295411 jejorda2 the Phalangite (level 20, -2/159 HPs)
             Began as a Merfolk Berserker on July 8, 2021.
             Was the Champion of Trog.
             Splashed by a deep elf sorcerer's acid (5 damage)
             ... on level 3 of the Elven Halls.
             The game lasted 02:13:04 (43399 turns).

jejorda2 the Phalangite (Merfolk Berserker)        Turns: 43399, Time: 02:13:04

Health: -2/159     AC: 29    Str: 18    XL:     20   Next: 88%
Magic:  20/20      EV: 19    Int:  8    God:    Trog [******]
Gold:   2356       SH:  0    Dex: 15    Spells: 19/19 levels left

rFire    + . .     SeeInvis +   a - +13 scythe of Curses {drain, Drain}
rCold    + + .     Faith    +   (shield currently unavailable)
rNeg     + . .     Spirit   .   C - +7 chain mail of Urghesur {+Blink rN+ rCorr Str-5}
rPois    +         Reflect  .   s - +2 helmet
rElec    +         Harm     .   J - scarf {rC+ rF+}
rCorr    +         Rampage  .   T - +2 pair of gloves {Stlth+}
Will     +....                  X - +0 pair of boots of Pybry {+Inv Fly Regen+}
Stlth    ..........             Y - amulet of faith
HPRegen  1.36/turn              Q - ring of Xom's Amusement {rElec rPois rC+ EV+4}
MPRegen  0.17/turn              m - ring of see invisible

@: flying
A: (nimble swimmer 2), mertail
}: 2/15 runes: decaying, serpentine
a: Renounce Religion, Evoke Blink, Evoke Invisibility, Berserk, Trog's Hand,
Brothers in Arms


You were on level 3 of the Elven Halls.
You worshipped Trog.
Trog was exalted by your worship.
You visited 6 branches of the dungeon, and saw 34 of its levels.
You visited the Abyss 2 times.
You also visited: Sewer and Volcano.

You collected 4358 gold pieces.
You spent 2002 gold pieces at shops.

Inventory:

Hand Weapons
 a - the +13 scythe of Curses (weapon) {drain, Drain}
   (Trog gifted it to you on level 2 of the Snake Pit)

   A truly terrible weapon, it drains the life of those it strikes.
   Drain:     It drains your maximum health when unequipped.
 b - a +4 glaive of flaming
 w - a +2 antimagic glaive
 U - a +4 bardiche of freezing
Missiles
 e - 9 curare-tipped darts
 j - 143 poisoned darts
 k - 6 atropa-tipped darts
 o - 4 silver javelins
 p - 57 boomerangs (quivered)
 D - 20 javelins
 G - 10 datura-tipped darts
Armour
 s - a +2 helmet (worn)
 C - the +7 chain mail of Urghesur (worn) {+Blink rN+ rCorr Str-5}
   (You found it on level 1 of the Swamp)

   Str:       It affects your strength (-5).
   rN:        It protects you from negative energy.
   +Blink:    It lets you blink.
   rCorr:     It protects you from acid and corrosion.
 J - a scarf of resistance (worn)
 T - a +2 pair of gloves of stealth (worn)
 X - the +0 pair of boots of Pybry (worn) {+Inv Fly Regen+}
   (You bought it in a shop on level 2 of the Orcish Mines)

   +Inv:      It lets you turn invisible.
   Fly:       It grants you flight.
   Regen:     It increases your rate of health regeneration.
Jewellery
 m - a ring of see invisible (right hand)
 v - a ring of positive energy
 I - a ring of fire
 M - a ring of resist corrosion
 Q - the ring of Xom's Amusement (left hand) {rElec rPois rC+ EV+4}
   (You found it on level 3 of the Lair of Beasts)

   [ring of evasion]

   EV:        It affects your evasion (+4).
   rC:        It protects you from cold.
   rElec:     It insulates you from electricity.
   rPois:     It protects you from poison.
 V - a ring of protection from fire
 W - a ring of willpower
 Y - an amulet of faith (around neck)
Wands
 t - a wand of flame (70)
 y - a wand of digging (32)
 z - a wand of polymorph (20)
 A - a wand of paralysis (22)
 B - a wand of mindburst (26)
 E - a wand of iceblast (75)
 H - a wand of acid (37)
Scrolls
 c - 9 scrolls of teleportation
 d - 3 scrolls of fog
 f - 10 scrolls of magic mapping
 x - 4 scrolls of silence
 L - 6 scrolls of fear
 N - a scroll of summoning
 P - 2 scrolls of holy word
Potions
 g - 4 potions of might
 h - 7 potions of heal wounds
 i - 8 potions of mutation
 l - 17 potions of curing
 n - 5 potions of lignification
 q - 7 potions of berserk rage
 r - 7 potions of attraction
 u - 5 potions of haste
 F - a potion of invisibility
 R - 2 potions of cancellation
 S - 3 potions of resistance
Miscellaneous
 K - a tin of tremorstones (1/2)


   Skills:
 + Level 14.2 Fighting
 - Level 26.0 Polearms
 - Level 16.0 Throwing
 * Level 14.2 Armour
 + Level 17.3 Dodging
 - Level 3.0 Stealth
 - Level 9.0 Evocations


You had 19 spell levels left.
You didn't know any spells.
Your spell library was empty.

Dungeon Overview and Level Annotations

Branches:
Dungeon (15/15)            Temple (0/1) D:7            Lair (6/6) D:10
  Swamp (4/4) Lair:4        Snake (4/4) Lair:4        Slime (0/5) Lair:5
    Orc (2/2) D:11            Elf (3/3) Orc:2        Vaults (0/5) D:14
 Depths (0/5) D:15          Sewer (visited)         Volcano (visited)

Altars:
Ashenzari
Dithmenos
Elyvilon
Fedhas
Hepliaklqana
Makhleb
Okawaru
Qazlal
Ru
Sif Muna
Wu Jian
Zin
Jiyva
Lugonu

Shops:
D:6 [   D:13 [   Orc:1 *   Orc:2 [[((   Elf:2 *:[!   Elf:3 [:((   Snake:1 =*
Snake:4 (

Annotations:
D:3 2 transporters, Dittersdorf's ghost, amateur GrFi
D:6 Stuff past lava
D:8 3 runed translucent doors, quinnr's ghost, journeyman PaFi
Lair:6 1 runed translucent door, Phlounder's ghost, journeyman DjBr


Innate Abilities, Weirdness & Mutations

((You are quick and stealthy near water. (Stealth+, EV+, Speed+++)))
Your lower body shifts to a powerful aquatic tail in water.


Message History

The arrow hits you!
* * * LOW HITPOINT WARNING * * *
You feel much better.
The deep elf master archer shoots an arrow.
The arrow closely misses you.
The deep elf sorcerer gestures at you while chanting.
The bolt of acid hits you but does no damage.
You are splashed with acid.
You resist.
The deep elf master archer shoots an arrow.
The arrow hits you!
* * * LOW HITPOINT WARNING * * *
You hear a shout!
Okay, then.
Unknown command.
Unknown command.
As you read the scroll of fog, it crumbles to dust.
The scroll dissolves into smoke.
You hear a shout!
A deep elf demonologist comes into view.
It is wielding the +4 short sword "Anosevid" {freeze, Str-5 Int+8 Dex+5}.
The deep elf master archer shoots an arrow.
The arrow hits you!!
* * * LOW HITPOINT WARNING * * *
The deep elf sorcerer misses you.
The deep elf master archer shoots an arrow.
The arrow hits you but does no damage.
The deep elf demonologist moves out of view.
The deep elf master archer unwields a +0 longbow.
The deep elf master archer barely misses you.
The deep elf sorcerer hits you but does no damage.
Unknown command.
Your stone giant goes berserk!
The deep elf master archer wields a +0 longbow.
The deep elf master archer shoots an arrow.
The arrow hits you!
* * * LOW HITPOINT WARNING * * *
The deep elf sorcerer points at you and mumbles some strange words.
The bolt of acid hits you! You resist.
* * * LOW HITPOINT WARNING * * *
You are splashed with acid.
You resist.
You die...

#.........###.#
#
#...e....###..#
##
#.......###...#
#.
##......##...##
#. ##......)..##
#. ##....§)§##
#. #...###§§# #.
#.....§e§§## ##
#......§e@§§# #
.......C##.....#
......##
##.....# ...#
..#... ..)
..#..⌠ .. ..# ..
.. ..


You could see a deep elf master archer (ally target), a deep elf sorcerer
(drained) and a friendly stone giant (summoned, berserk).

Vanquished Creatures
  Rupert (Lair:4)
  Jorgrun (D:13)
  A deep elf master archer (Elf:3)
  3 deep elf blademasters
  2 tentacled starspawn (Abyss:2)
  Kirke (Lair:4)
  5 nagarajas
  4 deep elf sorcerers
  A fenstrider witch (Swamp:2)
  Aizul (Swamp:1)
  Louise (D:14)
  An orc warlord (Orc:1)
  3 ghouls (Swamp:2)
  2 deep elf elementalists
  Azrael (D:15)
  10 deep elf demonologists
  Nessos (D:14)
  4 bunyips
  6 deep elf annihilators
  Snorg (D:14)
  2 deep elf death magi (Elf:3)
  5 eleionomae
  2 deep elf high priests
  2 boulder beetles
  Fannar (Lair:3)
  An ice dragon (Lair:5)
  18 naga warriors
  Erolcha (Orc:1)
  2 salamander tyrants
  2 shambling mangroves
  2 ogre magi (Orc:2)
  6 anacondas
  3 centaur warriors
  Erica (D:9)
  13 two-headed ogres
  3 catoblepae
  5 death yaks
  2 death knights (D:12)
  2 ghost crabs
  19 hydras
  24 dancing weapons
  A tengu warrior (D:15)
  2 orc high priests
  A deep troll shaman (Lair:6)
  9 alligators
  A shock serpent (Snake:4)
  Nergalle (D:11)
  Urug (D:13)
  A wretched star (Abyss:2)
  22 deep elf knights
  9 naga sharpshooters
  A hell knight (Volcano)
  A spatial maelstrom (Abyss:2)
  4 skeletal warriors (D:15)
  7 salamander mystics
  4 goliath frogs
  4 deep trolls
  4 spriggan druids
  10 swamp dragons
  14 deep elf archers
  12 naga ritualists
  An obsidian statue (Volcano)
  6 bog bodies
  5 lindwurms
  A necromancer (D:15)
  2 oklob plants (Lair:1)
  27 deep elf zephyrmancers
  26 deep elf pyromancers
  12 mana vipers
  2 will-o-the-wisps
  2 orc sorcerers
  A manticore (D:13)
  22 ugly things
  14 salamanders
  A worldbinder (Abyss:2)
  20 elephants
  6 cyclopes
  17 naga magi
  5 guardian serpents
  2 torpor snails
  29 black mambas
  A smoke demon (Abyss:2)
  2 gargoyles
  Maggie (D:9)
  13 cane toads
  An orange demon (Abyss:2)
  An efreet (D:15)
  3 rime drakes
  8 komodo dragons
  4 yaktaurs
  3 freezing wraiths
  10 trolls
  A meliai (D:13)
  A polar bear (Lair:6)
  A bloated husk (Swamp:4)
  12 tyrant leeches
  16 hornets
  A raiju (Abyss:2)
  19 blink frogs
  12 slime creatures
  6 air elementals
  Sigmund (D:3)
  A redback (shapeshifter) (Elf:2)
  12 spriggans
  A large abomination (Abyss:2)
  3 water elementals
  A shadow (D:13)
  4 wraiths
  A spriggan (shapeshifter) (D:15)
  A yak (shapeshifter) (Elf:1)
  Eustachio (D:4)
  4 hogs (Lair:3)
  A wyvern (Lair:6)
  7 fire bats (Volcano)
  43 yaks
  A hog (shapeshifter) (D:13)
  2 basilisks
  2 steam dragons
  4 fire elementals
  3 vampire mosquitoes (D:12)
  A chaos spawn (Abyss:2)
  2 acid dragons
  2 wargs (Orc:1)
  A spatial vortex (Abyss:2)
  35 nagas
  21 swamp worms
  An acid dragon (shapeshifter) (Elf:1)
  7 hell hounds
  30 water moccasins
  5 swamp drakes
  3 black bears
  3 sky beasts
  14 orc warriors
  A hornet zombie (D:6)
  An ice beast (D:8)
  6 necrophages
  17 wolves
  16 centaurs
  24 ogres
  4 phantoms
  3 kobold brigands
  16 bullfrogs
  A gnoll sergeant (D:8)
  A wyvern zombie (D:8)
  7 earth elementals
  3 scorpions
  2 small abominations (Abyss:2)
  2 wyvern skeletons
  8 wights
  16 killer bees
  9 howler monkeys
  An electric eel (Lair:4)
  5 lava snakes (Volcano)
  2 bullfrog zombies
  2 centaur zombies
  3 hounds
  15 orc priests
  A bullfrog skeleton (D:7)
  A gnoll shaman (Orc:1)
  4 iguanas
  2 jellies
  A centaur skeleton (D:5)
  Jessica (D:2)
  18 orc wizards
  2 killer bee zombies
  24 gnolls
  17 adders
  11 river rats (Sewer)
  3 white imps
  An ufetubus (Abyss:2)
  An adder skeleton (D:5)
  2 dart slugs
  69 orcs
  5 bats
  7 endoplasms
  5 giant cockroaches
  7 hobgoblins
  7 jackals
  7 quokkas
  14 ball pythons
  7 frilled lizards
  6 goblins
  21 kobolds
  18 rats
  A plant (Lair:5)
  2 starspawn tentacles (Abyss:2)
1240 creatures vanquished.

Vanquished Creatures (collateral kills)
  The ghost of Phlounder the Eclecticist, an adept DjEE of Makhleb (Snake:2)
  A centaur warrior (D:14)
  A two-headed ogre (D:11)
  3 dancing weapons (Elf:2)
  A death yak (Lair:6)
  A skeletal warrior (D:12)
  A mana viper (Snake:2)
  An ugly thing (D:14)
  A deep elf pyromancer (Elf:2)
  A naga mage (Snake:2)
  A black mamba (Snake:2)
  A komodo dragon (Lair:6)
  4 blink frogs (Lair:6)
  4 yaks (Lair:6)
  2 water moccasins (Lair:4)
  2 wolves (Lair:6)
  A killer bee (D:11)
  An orc wizard (D:11)
  2 adders (Lair:4)
  An orc (D:11)
31 creatures vanquished.

Vanquished Creatures (others)
  A naga warrior (Snake:4)
  A wizard (D:15)
  A deep elf zephyrmancer (Elf:1)
  A bloated husk (Swamp:4)
  10 foxfires
  32 fungi
  50 plants
  2 starspawn tentacles (Abyss:2)
98 creatures vanquished.

Grand Total: 1369 creatures vanquished

Notes
Turn   | Place    | Note
-------+----------+-------------------------------------------
     0 | D:1      | jejorda2 the Merfolk Berserker began the quest for the Orb.
     0 | D:1      | Reached XP level 1. HP: 18/18 MP: 1/1
   209 | D:1      | Reached XP level 2. HP: 23/24 MP: 2/2
   358 | D:1      | Reached skill level 5 in Polearms
   403 | D:1      | Found a faded altar of an unknown god.
   889 | D:2      | Reached XP level 3. HP: 30/30 MP: 3/3
   903 | D:2      | Reached ** piety under Trog
   904 | D:2      | Reached XP level 4. HP: 37/37 MP: 4/4
  1029 | D:2      | Reached skill level 6 in Polearms
  1065 | D:2      | Noticed an ogre
  1073 | D:2      | Killed an ogre
  1074 | D:2      | Reached XP level 5. HP: 42/42 MP: 5/5
  1622 | D:3      | Noticed Sigmund
  1633 | D:3      | Killed Sigmund
  1634 | D:3      | Reached skill level 7 in Polearms
  1634 | D:3      | Reached XP level 6. HP: 46/49 MP: 6/6
  1638 | D:3      | Noticed Jessica
  1658 | D:2      | Killed Jessica
  1659 | D:2      | Reached skill level 8 in Polearms
  2205 | D:3      | Found a transporter.
  2209 | D:3      | Found a transporter.
  2209 | D:3      | Noticed Dittersdorf's ghost (amateur GrFi)
  2253 | D:3      | Found a burning altar of Makhleb.
  2253 | D:3      | Found an iron altar of Okawaru.
  2253 | D:3      | Found a hazy altar of Hepliaklqana.
  2299 | D:3      | Reached skill level 5 in Fighting
  2460 | D:3      | Reached XP level 7. HP: 56/56 MP: 7/7
  2569 | D:3      | Reached *** piety under Trog
  2672 | D:4      | Found a broken altar of Ashenzari.
  2981 | D:4      | Noticed Eustachio
  3005 | D:4      | Killed Eustachio
  3006 | D:4      | Reached skill level 9 in Polearms
  3451 | D:5      | Entered Level 5 of the Dungeon
  3491 | D:5      | Found a glowing drain.
  3509 | Sewer    | Entered a sewer
  3563 | Sewer    | Reached XP level 8. HP: 41/64 MP: 8/8
  3567 | Sewer    | Reached skill level 10 in Polearms
  4275 | Sewer    | Reached **** piety under Trog
  4800 | D:5      | Reached skill level 11 in Polearms
  4917 | D:5      | Found a glowing silver altar of Zin.
  5311 | D:5      | Found a blossoming altar of Fedhas.
  5329 | D:5      | Reached skill level 12 in Polearms
  5449 | D:5      | Reached XP level 9. HP: 63/69 MP: 9/9
  5481 | D:5      | Found a sacrificial altar of Ru.
  5500 | D:5      | Found a shimmering blue altar of Sif Muna.
  5580 | D:5      | Found a shadowy altar of Dithmenos.
  5591 | D:5      | Found a white marble altar of Elyvilon.
  5898 | D:6      | Identified a scroll of acquirement
  5898 | D:6      | Acquired 887 gold pieces
  5929 | D:6      | Reached ***** piety under Trog
  6065 | D:6      | Reached skill level 13 in Polearms
  6065 | D:6      | Reached skill level 5 in Armour
  6266 | D:6      | Found Ozudden's Antique Armour Shop.
  6269 | D:6      | Bought a runed helmet for 202 gold pieces
  6269 | D:6      | Bought a twisted chain mail for 256 gold pieces
  6269 | D:6      | Identified the +1 chain mail of Lesser Demons {rElec rC+
                  | Int+4 Dex+3} (You bought it in a shop on level 6 of the
                  | Dungeon)
  6439 | D:6      | Found an ornate altar of the Wu Jian Council.
  6832 | D:7      | Reached skill level 14 in Polearms
  7072 | D:7      | Found a staircase to the Ecumenical Temple.
  7354 | D:7      | Reached XP level 10. HP: 76/76 MP: 10/10
  7456 | D:7      | Reached skill level 15 in Polearms
  7732 | D:8      | Noticed a cyclops
  7823 | D:8      | Killed a cyclops
  7824 | D:8      | Reached skill level 1 in Throwing
  7824 | D:8      | Reached skill level 1 in Evocations
  8005 | D:8      | Received a gift from Trog
  8014 | D:8      | Noticed a two-headed ogre
  8022 | D:8      | Killed a two-headed ogre
  8023 | D:8      | Reached skill level 16 in Polearms
  8371 | D:8      | Found a runed translucent gate.
  8372 | D:8      | Found a runed translucent gate.
  8373 | D:8      | Found a runed translucent gate.
  8374 | D:8      | Noticed quinnr's ghost (journeyman PaFi)
  8923 | D:9      | Noticed Maggie
  8936 | D:9      | Killed Maggie
  9203 | D:9      | Found a stormy altar of Qazlal.
  9262 | D:9      | Noticed Erica
  9275 | D:9      | Killed Erica
  9276 | D:9      | Reached XP level 11. HP: 81/81 MP: 11/11
  9315 | D:9      | Reached skill level 17 in Polearms
 10237 | D:10     | Entered Level 10 of the Dungeon
 10977 | D:10     | Reached skill level 5 in Evocations
 10981 | D:10     | Found a staircase to the Lair.
 10987 | D:10     | Reached skill level 5 in Throwing
 11337 | D:11     | Noticed a two-headed ogre
 11342 | D:11     | Killed a two-headed ogre
 11385 | D:11     | Noticed a two-headed ogre
 11391 | D:11     | Killed a two-headed ogre
 11392 | D:11     | Reached skill level 18 in Polearms
 11409 | D:11     | Noticed a two-headed ogre
 11415 | D:11     | Killed a two-headed ogre
 11627 | D:11     | Noticed a cyclops
 11630 | D:11     | Killed a cyclops
 11846 | D:11     | Found a staircase to the Orcish Mines.
 12186 | D:11     | Noticed Nergalle
 12194 | D:11     | Killed Nergalle
 12484 | D:12     | Noticed a cyclops
 12595 | D:12     | Noticed a two-headed ogre
 12603 | D:12     | Killed a two-headed ogre
 12604 | D:12     | Reached XP level 12. HP: 72/88 MP: 12/12
 12676 | D:12     | Noticed a boulder beetle
 12800 | D:12     | Killed a boulder beetle
 12801 | D:12     | Reached skill level 19 in Polearms
 13096 | D:12     | Reached skill level 5 in Dodging
 13618 | D:12     | Noticed a death knight
 13640 | D:12     | Killed a death knight
 13641 | D:12     | Reached skill level 20 in Polearms
 14003 | D:12     | Acquired a manual of Dodging
 14533 | D:12     | Found a corrupted altar of Lugonu.
 14550 | D:12     | Noticed a death knight
 14662 | Lair:1   | Entered Level 1 of the Lair of Beasts
 14668 | Lair:1   | Noticed a four-headed hydra
 14690 | Lair:1   | Killed a four-headed hydra
 14725 | Lair:1   | Reached skill level 10 in Dodging
 14772 | Lair:1   | Reached XP level 13. HP: 64/97 MP: 13/13
 14814 | Lair:1   | Identified the ring "Jahomat" {*Corrode rElec rN+ MP+9
                  | SInv}
 14827 | Lair:1   | Found a dark tunnel.
 14961 | Volcano  | Entered a volcano
 15305 | Volcano  | Found a bloodstained altar of Trog.
 17683 | Lair:2   | Found a blossoming altar of Fedhas.
 18616 | Lair:3   | Noticed Fannar
 18625 | Lair:3   | Killed Fannar
 19073 | Lair:3   | Reached skill level 10 in Fighting
 19089 | Lair:4   | Noticed Rupert
 19651 | Lair:3   | Identified the ring of Xom's Amusement {rElec rPois rC+
                  | EV+4}
 19702 | Lair:4   | Killed Rupert
 19703 | Lair:4   | Reached XP level 14. HP: 110/110 MP: 14/14
 20127 | Lair:4   | Noticed Kirke
 20189 | Lair:4   | Killed Kirke
 20190 | Lair:4   | Reached skill level 10 in Armour
 20941 | Lair:4   | Found a staircase to the Swamp.
 21095 | Lair:4   | Reached skill level 15 in Dodging
 21230 | Lair:4   | Found a staircase to the Snake Pit.
 21691 | Lair:4   | Received a gift from Trog
 22452 | Lair:5   | Found a viscous altar of Jiyva.
 22453 | Lair:5   | Found a staircase to the Slime Pits.
 23407 | Lair:6   | Entered Level 6 of the Lair of Beasts
 23470 | Lair:6   | Reached XP level 15. HP: 118/118 MP: 15/15
 23542 | Lair:6   | Found a runed translucent door.
 23544 | Lair:6   | Noticed Phlounder's ghost (journeyman DjBr)
 24952 | Orc:1    | Entered Level 1 of the Orcish Mines
 25053 | Orc:2    | Entered Level 2 of the Orcish Mines
 25053 | Orc:2    | Found a staircase to the Elven Halls.
 25064 | Orc:1    | Received a gift from Trog
 25179 | Orc:2    | Noticed an orc warlord
 26024 | Orc:1    | Killed an orc warlord
 26604 | Orc:2    | Reached skill level 10 in Throwing
 26631 | Orc:2    | Received a gift from Trog
 27010 | Orc:2    | Found Zanauv's Weapon Emporium.
 27018 | Orc:2    | Found Wilug's Antique Weapon Emporium.
 27020 | Orc:2    | Found Hugiopn's Armour Shop.
 27061 | Orc:2    | Found Jobaek's Armour Shoppe.
 27347 | Orc:2    | Bought the +2 ratskin cloak {*Rats rPois rN+ Str-1 Int-1
                  | Dex+1} for 417 gold pieces
 27347 | Orc:2    | Found the +2 ratskin cloak {*Rats rPois rN+ Str-1 Int-1
                  | Dex+1}
 27347 | Orc:2    | Bought the +0 pair of boots of Pybry {+Inv Fly Regen+} for
                  | 309 gold pieces
 27372 | Orc:2    | Bought a +1 plate armour of fire resistance for 420 gold
                  | pieces
 27424 | Orc:1    | Found Kaicaa's CLEARANCE SALE! EVERYTHING MUST GO!.
 27471 | Orc:1    | Noticed Erolcha
 27480 | Orc:1    | Killed Erolcha
 27767 | Orc:2    | Bought a twisted trident for 178 gold pieces
 27767 | Orc:2    | Identified the +1 trident "Zinnen" {venom, Str+3} (You
                  | bought it in a shop on level 2 of the Orcish Mines)
 27958 | Swamp:1  | Entered Level 1 of the Swamp
 28023 | Swamp:1  | Reached XP level 16. HP: 109/129 MP: 16/16
 28093 | Swamp:1  | Noticed Aizul
 28114 | Swamp:1  | Killed Aizul
 28297 | Swamp:1  | Identified the +7 chain mail of Urghesur {+Blink rN+ rCorr
                  | Str-5}
 28606 | Swamp:1  | Reached skill level 21 in Polearms
 28748 | Swamp:1  | Received a gift from Trog
 28828 | Swamp:2  | Noticed a fenstrider witch
 28834 | Swamp:2  | Killed a fenstrider witch
 29575 | Swamp:3  | Reached skill level 22 in Polearms
 29740 | Swamp:3  | Reached ****** piety under Trog
 30105 | Swamp:4  | Entered Level 4 of the Swamp
 30445 | Swamp:4  | Received a gift from Trog
 30454 | Swamp:4  | Reached XP level 17. HP: 117/135 MP: 17/17
 30466 | Swamp:4  | Reached skill level 23 in Polearms
 31331 | Swamp:4  | Got a decaying rune of Zot
 31581 | Snake:1  | Entered Level 1 of the Snake Pit
 31636 | Snake:1  | Reached skill level 24 in Polearms
 32099 | Snake:1  | Found Jyffeane's Assorted Antiques.
 32099 | Snake:1  | Found Beggofah's Jewellery Emporium.
 32187 | Snake:1  | Bought a ring of resist corrosion for 220 gold pieces
 32546 | Snake:2  | Found a runed translucent gate.
 32547 | Snake:2  | Found a runed translucent gate.
 32549 | Snake:2  | Found a runed translucent gate.
 32550 | Snake:2  | Noticed Phlounder's ghost (adept DjEE)
 32848 | Snake:2  | Reached skill level 25 in Polearms
 33121 | Snake:2  | Killed Phlounder's ghost
 33121 | Snake:2  | Received a gift from Trog
 33122 | Snake:2  | Found the +13 scythe of Curses {drain, Drain}
 33133 | Snake:2  | Identified the ring "Tubivops" {*Corrode +Blink rN+ Str+8
                  | Int+6}
 33725 | Snake:3  | Reached XP level 18. HP: 141/141 MP: 18/18
 33738 | Snake:3  | Reached skill level 26 in Polearms
 34420 | Snake:4  | Entered Level 4 of the Snake Pit
 34643 | Snake:4  | Found Anucus's Antique Weapon Shop.
 34729 | Snake:4  | Found Tocul's General Store.
 34778 | Snake:4  | Received a gift from Trog
 35556 | Snake:4  | Got a serpentine rune of Zot
 36190 | D:13     | Noticed Urug
 36194 | D:13     | Killed Urug
 36313 | D:13     | Found Afupatsi's Antique Armour Shoppe.
 36374 | D:13     | Noticed Jorgrun
 36382 | D:13     | Killed Jorgrun
 37241 | D:14     | Reached XP level 19. HP: 148/152 MP: 19/19
 37261 | D:14     | Noticed Louise
 37261 | D:14     | Noticed Nessos
 37271 | D:14     | Killed Louise
 37271 | D:14     | Noticed Snorg
 37292 | D:14     | Killed Nessos
 37296 | D:14     | Killed Snorg
 37743 | D:14     | Found a gate to the Vaults.
 37964 | D:15     | Entered Level 15 of the Dungeon
 37988 | D:15     | Noticed Azrael
 38002 | D:15     | Killed Azrael
 38274 | D:15     | Found a staircase to the Depths.
 38305 | D:15     | Received a gift from Trog
 38802 | Elf:1    | Entered Level 1 of the Elven Halls
 38889 | Elf:1    | Cast into level 2 of the Abyss (a deep elf demonologist)
 39041 | Abyss:2  | Found a blossoming altar of Fedhas.
 39093 | Abyss:2  | Found a blossoming altar of Fedhas.
 39161 | Elf:1    | Escaped the Abyss
 40285 | Elf:1    | Paralysed by an air elemental for 1 turns
 40407 | Elf:1    | Received a gift from Trog
 40608 | Elf:2    | Found Ipirhaupn's Book Boutique.
 40618 | Elf:2    | Found Ceufrog's Distillery.
 40677 | Elf:2    | Found Qesewk's General Store.
 40751 | Elf:2    | Noticed a Hell Sentinel
 40914 | Elf:2    | Received a gift from Trog
 40923 | Elf:2    | Reached XP level 20. HP: 143/159 MP: 20/20
 41145 | Elf:2    | Found a runed translucent gate.
 41145 | Elf:2    | Found a runed translucent gate.
 41146 | Elf:2    | Found a runed translucent gate.
 41320 | Elf:2    | Received a gift from Trog
 41416 | Elf:2    | Paralysed by an air elemental for 1 turns
 41555 | Elf:2    | Found Irevoim's Antique Armour Boutique.
 41614 | Elf:2    | Reached skill level 15 in Throwing
 41849 | Elf:3    | Entered Level 3 of the Elven Halls
 42017 | Elf:3    | Received a gift from Trog
 42018 | Elf:3    | Reached skill level 1 in Stealth
 42858 | Elf:3    | Found Biulyono's Antique Weapon Boutique.
 42866 | Elf:3    | Found Upatur's Book Boutique.
 42871 | Elf:3    | Found Zichapre's Antique Weapon Boutique.
 42874 | Elf:3    | Found Keustun's Armour Boutique.
 43237 | Elf:3    | Cast into level 2 of the Abyss (a deep elf demonologist)
 43260 | Elf:3    | Escaped the Abyss
 43368 | Elf:3    | Received a gift from Trog
 43394 | Elf:3    | HP: 4/159 [deep elf master archer/arrow (5)]
 43397 | Elf:3    | Identified the +4 short sword "Anosevid" {freeze, Str-5
                  | Int+8 Dex+5}
 43399 | Elf:3    | HP: 3/159 [deep elf sorcerer/bolt of acid (8)]
 43399 | Elf:3    | Splashed by a deep elf sorcerer's acid

Illustrated notes

Levels and vault maps discovered:
D:1:      minmay_arrival_open_corners, layout_basic,
          ebering_ecumenical_altar_petrified
D:2:      layout_loops_cross, minmay_tetromino_t2
D:3:      layout_basic, gammafunk_temple_overflow_forgotten,
          gammafunk_ghost_arena, st_stairs_9, uniq_jessica, uniq_sigmund
D:4:      layout_basic, mainiacjoe_overflow_small_starburst,
          minmay_large_rounded_square, uniq_eustachio
D:5:      layout_loops_corners, fedhas_altar_1,
          nicolae_overflow_quartered_altars, marbit_many_paths,
          gup_sewer_entry_pipe
D:6:      layout_gridville, nicolae_wu_jian_glorious_leap,
          nicolae_overflow_hidden_temple, serial_shops, kennysheep_mini_moat,
          corexii_hall_statues_i, corexii_shack
D:7:      layout_rooms, minmay_temple_entry_offerings
D:8:      minmay_general_purpose_star, layout_loops_ring,
          gammafunk_ghost_necromancy
D:9:      layout_basic, lemuel_round_altar, minmay_misc_feat_roman, uniq_erica,
          uniq_maggie
D:10:     layout_stronghold, grunt_lair_entry_orc_guard_hut
D:11:     layout_loops_ring, erik_orc_3, uniq_nergalle
D:12:     layout_roguey, serial_park_tiny_1, minmay_misc_feat_five,
          tgw_lugonu_bribe
D:13:     layout_loops_corners, serial_shops, nicolae_square_shop,
          kennysheep_generic_room_4, uniq_jorgrun, uniq_urug
D:14:     layout_irregular_city, erik_vaults_1, kennysheep_decorative_pillar,
          uniq_nessos, uniq_louise, uniq_snorg
D:15:     hangedman_depths_entry_civil_slaughter, layout_cave_pools,
          chequers_serial_rivers_micro_b, uniq_azrael
Lair:1:   layout_loops_ring, enter_volcano_3, serial_bayou_shore_a,
          infiniplex_staircase_pool, grunt_megastairs_3,
          minmay_lair_oklob_chamber
Lair:2:   layout_chaotic_city, lemuel_centaur_altar, lemuel_fruit_tree,
          infiniplex_staircase_pool_2
Lair:3:   layout_gridlike, minmay_lindwurm_lava, uniq_fannar
Lair:4:   lemuel_reptile_caves, layout_small_grid, palyth_hydra_swamp_entry,
          nicolae_lair_yak_garden, uniq_rupert, uniq_kirke
Lair:5:   layout_roguey, slime_altar_1, bobbens_ice_dragon_lair
Lair:6:   grunt_lair_end_beastmaster, layout_hall_layers, gammafunk_ghost_grave,
          grunt_megastairs_5, serial_bayou_shore_b
Swamp:1:  nicolae_swamp_tree_isthmus, layout_basic_swamp,
          nicolae_swamp_treefoil, uniq_aizul
Swamp:2:  layout_basic_swamp, evilmike_swamp_ruin_rubble_2, swamp_pool1,
          nicolae_swamp_dense_foliage
Swamp:3:  layout_basic_swamp, evilmike_swamp_ruin_house_2
Swamp:4:  swamp_alternative, layout_basic_swamp
Snake:1:  layout_misc_corridors, minmay_shoptagon
Snake:2:  layout_honeycomb, gammafunk_ghost_split
Snake:3:  layout_grid_maze
Snake:4:  snake_pit, layout_onion, serial_shops, shop, shop_fountains
Orc:1:    layout_diamond_mine, nicolae_shop_clearance, uniq_erolcha
Orc:2:    st_orc_open, layout_diamond_mine, special_room, minmay_orc_keep
Elf:1:    layout_loops_cross, minivault_28
Elf:2:    layout_onion_city, serial_shops, shop, shop_fountains,
          nicolae_stop_n_shop_1, minmay_shop_star
Elf:3:    grunt_elf_hall_asides, layout_geoelf_diagonals,
          minmay_shop_grid_forest, hangedman_elf_targetted_burst

Skill      XL: |  1  2  3  4  5  6  7  8  9 10 11 12 13 14 15 16 17 18 19 20 |
---------------+-------------------------------------------------------------+-----
Polearms       | 5 6 7 8 9 12 14 16 18 20 22 25 26 | 26.0
Armour         | 2 3 4 5 6 9 10 11 13 14 | 14.2
Fighting       | 4 5 6 7 10 11 12 14 | 14.2
Throwing       | 3 6 7 11 12 14 16 | 16.0
Evocations     | 3 6 8 9 |  9.0
Dodging        | 3 10 14 17 | 17.3
Stealth        | 3 |  3.0

Action                   |  1- 3 |  4- 6 |  7- 9 | 10-12 | 13-15 | 16-18 | 19-21 || total
-------------------------+-------+-------+-------+-------+-------+-------+-------++-------
Melee: Spear             |    76 |   112 |       |       |       |       |       ||   188
       Halberd           |       |    61 |   440 |    73 |       |       |       ||   574
       Tailslap          |       |       |     4 |       |    13 |       |       ||    17
       Glaive            |       |       |       |   478 |  1221 |   679 |       ||  2378
       Trident           |       |       |       |     8 |    49 |       |       ||    57
       Bardiche          |       |       |       |       |       |   213 |       ||   213
       Scythe            |       |       |       |       |       |   531 |   892 ||  1423
Throw: Dart              |       |       |       |    11 |    59 |       |       ||    70
       Javelin           |       |       |       |       |     3 |       |       ||     3
       Boomerang         |       |       |       |       |       |    69 |     5 ||    74
Invok: Berserk           |     1 |     2 |     4 |    16 |    13 |     6 |     4 ||    46
       Trog's Hand       |       |     1 |     1 |     7 |     7 |     2 |     9 ||    27
       Brothers in Arms  |       |       |       |     2 |     5 |     2 |     3 ||    12
Evoke: Wand              |       |       |       |       |     2 |       |       ||     2
       Tin of tremorston |       |       |       |       |       |       |     2 ||     2
  Use: Scroll            |       |       |    17 |     4 |    14 |     3 |     2 ||    40
       Potion            |       |       |       |     1 |     3 |       |     4 ||     8
 Stab: Paralysed         |       |       |       |       |     1 |       |       ||     1
       Distracted        |       |       |       |       |     2 |     1 |     2 ||     5
Armor: Chain mail        |    26 |    54 |   277 |   166 |   342 |   519 |   256 ||  1640
       Plate armour      |       |       |       |       |    23 |    17 |       ||    40
Dodge: Dodged            |    20 |    36 |   190 |   171 |   804 |   865 |   430 ||  2516
       Repelled          |       |       |       |       |     4 |       |       ||     4
Block: Other             |       |       |       |    46 |   262 |   232 |    54 ||   594
       Reflection        |       |       |       |     1 |    10 |    22 |     6 ||    39

Table legend: (Time is in decaauts)
 A = Elapsed time spent in this place.
 B = Non-inter-level travel time spent in this place.
 C = Inter-level travel time spent in this place.
 D = Time resting spent in this place.
 E = Time spent auto-exploring this place.
 F = Levels seen in this place.
 G = Mean time per level.
                   A        B        C        D        E       F      G
               +--------+--------+--------+--------+--------+-----+--------+
         Total |  42198 |  38734 |   3464 |   6218 |  24548 |  38 | 1110.5 |
       Dungeon |  16947 |  15673 |   1274 |   1945 |  11409 |  15 | 1129.8 |
          Lair |   9450 |   8521 |    929 |   1345 |   5647 |   6 | 1575.0 |
         Swamp |   3038 |   2816 |    222 |    208 |   1756 |   4 |  759.5 |
     Snake Pit |   4217 |   3689 |    528 |    289 |   2366 |   4 | 1054.2 |
  Orcish Mines |   2851 |   2620 |    231 |   1053 |   1080 |   2 | 1425.5 |
   Elven Halls |   3377 |   3100 |    277 |    519 |   1650 |   3 | 1125.7 |
         Abyss |    274 |    274 |      0 |     14 |     24 |   2 |  137.0 |
         Sewer |    985 |    985 |      0 |    295 |    406 |   1 |  985.0 |
       Volcano |   1054 |   1054 |      0 |    547 |    209 |   1 | 1054.0 |
               +--------+--------+--------+--------+--------+-----+--------+

Top non-repeatable levels by time:
  Lair:4: 2927 daAuts
    D:12: 2272 daAuts
 Snake:3: 1804 daAuts
   Orc:1: 1798 daAuts
  Lair:3: 1710 daAuts
     D:9: 1527 daAuts
     D:5: 1472 daAuts
    D:11: 1402 daAuts
  Lair:6: 1384 daAuts
    D:10: 1335 daAuts
     D:8: 1331 daAuts
   Elf:2: 1310 daAuts
  Lair:1: 1273 daAuts
  Lair:5: 1122 daAuts
   Elf:1: 1101 daAuts
